Blues vs Sabres

Created - February 18, 2016 at 18:10

Goals
1 2 3 OT1 T
Blues 0 1 1 1 3
Sabres 2 0 0 0 2
Shots
1 2 3 OT1 T
Blues 6 16 16 3 41
Sabres 15 11 12 4 42

1st period

1. Sabres , Kyle Turris 24 (Gustav Nyquist, Francois Beauchemin) at 8:28 (PP)
2. Sabres , Nazem Kadri 14 (Braydon Coburn, Nino Niederreiter) at 9:16

Penalties :
Johnny Boychuk (STL) for Hooking (Minor) at 6:48, Matt Irwin (STL) for Hooking (Minor) at 10:46, Rob Klinkhammer (STL) for Holding (Minor) at 13:05

2nd period

3. Blues , Jiri Hudler 36 (Johnny Boychuk) at 10:24

Penalties :
Nazem Kadri (BUF) for Tripping (Minor) at 1:02, Mike Weaver (STL) for Tripping (Minor) at 1:02, Johnny Boychuk (STL) for Hooking (Minor) at 1:35, Brayden Schenn (BUF) for Hooking (Minor) at 2:57, Francois Beauchemin (BUF) for Hooking (Minor) at 5:46, Mike Fisher (STL) for Roughing (Minor) at 5:46

3rd period

4. Blues , Jiri Hudler 37 (Michael Raffl, Matt Irwin) at 1:55 (PP)

Penalties :
Oliver Ekman-Larsson (BUF) for Close Hand On Puck (Minor) at 0:38, Rasmus Ristolainen (BUF) for Hooking (Minor) at 5:33, Clarke MacArthur (STL) for Holding Stick (Minor) at 17:55

Overtime #1

5. Blues , Mike Fisher 23 (Matt Carle) at 3:51

Penalties :
No Penalty

Goalie Stats

Antti Niemi (STL), 40 saves from 42 shots - (0.952), W, 43-11-3, 63:52 minutes
Ondrej Pavelec (BUF), 38 saves from 41 shots - (0.927), OTL, 28-14-4, 63:52 minutes

Players Stats for Blues

Player Name              G  A  P  +/- PIM S  H  SB GA TA FO     MP     PP MP  PK MP  
------------------------------------------------------------------------------------
Cal Clutterbuck          0  0  0   0  0   1  0  0  0  0  0/1     6:00   0:00   0:00 
Clarke MacArthur         0  0  0   0  2   2  2  1  0  0  1/2    13:10   0:00   0:08 
Jakub Kindl              0  0  0   1  0   0  0  0  0  0  0/0    18:06   0:34   2:37 
Jay McClement            0  0  0   0  0   2  2  0  0  0  10/25  18:59   0:00   4:26 
Jiri Hudler              2  0  2   0  0   5  0  0  0  0  10/22  18:45   2:12   0:00 
Joakim Andersson         0  0  0   0  0   1  0  0  0  0  3/4     6:00   0:00   0:00 
Johnny Boychuk           0  1  1   1  4   2  0  3  0  0  0/0    22:58   2:07   3:02 
Jussi Jokinen            0  0  0   0  0   3  0  0  0  0  2/3    12:44   0:00   0:00 
Lee Stempniak            0  0  0   0  0   2  0  1  0  0  0/0    14:00   2:12   0:00 
Marian Hossa             0  0  0   0  0   4  0  0  0  0  3/4    22:55   2:26   4:36 
Matt Carle               0  1  1   0  0   3  1  1  0  0  0/0    25:14   2:41   5:02 
Matt Irwin               0  1  1  -1  2   3  2  0  0  0  0/0    22:37   1:57   3:16 
Michael Raffl            0  1  1   0  0   2  1  1  0  0  1/8    19:01   2:12   3:47 
Mike Fisher              1  0  1   0  2   6  1  0  0  0  24/31  21:54   2:26   3:39 
Mike Weaver              0  0  0   0  2   1  1  2  0  0  0/0    18:56   0:00   3:26 
Rick Nash                0  0  0   0  0   4  0  0  0  0  0/0    15:08   2:26   0:00 
Rob Klinkhammer          0  0  0   0  2   0  0  0  0  0  0/0     5:59   0:00   0:00 
Tim Erixon               0  0  0  -1  0   0  1  2  0  0  0/0    19:25   1:57   0:35 

Players Stats for Sabres

Player Name              G  A  P  +/- PIM S  H  SB GA TA FO     MP     PP MP  PK MP  
------------------------------------------------------------------------------------
Brad Boyes               0  0  0   0  0   5  0  0  0  0  0/2     6:41   0:00   1:17 
Brayden Schenn           0  0  0   1  2   1  1  0  0  0  0/2    13:55   0:00   0:00 
Braydon Coburn           0  1  1   1  0   1  0  1  0  0  0/0    19:14   4:21   2:11 
Daniel Winnik            0  0  0   0  0   0  0  0  0  0  0/0    12:13   0:00   3:51 
Francois Beauchemin      0  1  1  -1  2   1  3  1  0  0  0/0    24:52   3:16   2:15 
Grant Clitsome           0  0  0   1  0   0  0  0  0  0  0/0    14:59   0:40   1:23 
Gustav Nyquist           0  1  1  -1  0   2  2  1  0  0  0/3    26:13   4:31   0:00 
Jacob Josefson           0  0  0   0  0   1  0  0  0  0  2/7     5:24   0:00   0:00 
Johnny Oduya             0  0  0   0  0   1  1  2  0  0  0/0    21:08   0:00   1:53 
Kris Versteeg            0  0  0   0  0   0  0  0  0  0  1/1     9:09   0:00   0:47 
Kyle Palmieri            0  0  0   0  0   2  2  1  0  0  0/1     8:30   3:06   0:00 
Kyle Turris              1  0  1  -1  0   6  1  0  0  0  24/44  26:53   4:31   0:00 
Lars Eller               0  0  0   0  0   4  2  1  0  0  6/10   10:48   2:26   0:00 
Nazem Kadri              1  0  1   1  2   6  1  1  0  0  11/25  16:29   0:40   3:21 
Nino Niederreiter        0  1  1   1  0   8  3  0  0  0  1/1    16:39   3:06   0:00 
Oliver Ekman-Larsson     0  0  0  -1  2   2  1  2  0  0  0/0    26:29   3:16   1:34 
Rasmus Ristolainen       0  0  0   0  2   0  2  2  0  0  0/0    20:59   3:41   0:00 
Thomas Vanek             0  0  0  -1  0   2  2  0  0  0  1/4    25:39   4:31   0:00 

3 Stars

1 - Jiri Hudler (STL)
2 - Antti Niemi (STL)
3 - Nino Niederreiter (BUF)

Power Play

Blues - 1 on 3 Attempt(s) - 33.33%
Sabres - 1 on 5 Attempt(s) - 20.00%

Penalty Kill

Blues - 4 on 5 Attempt(s) - 80.00% - Score 0 goal in Penalty Kill
Sabres - 2 on 3 Attempt(s) - 66.67% - Score 0 goal in Penalty Kill

Team Stat

Blues - Hits : 11 - Faceoff Wins : 54 - Blocked Shots : 11 - Penalty Minutes : 14
Sabres - Hits : 21 - Faceoff Wins : 46 - Blocked Shots : 12 - Penalty Minutes : 10

Official

Referees : Dan O'Halloran and Francois St. Laurent
Linesman : Darren Gibbs and Jonny Murray

Game Notes

No Game Note

Finance

Level 1 -- Attendance: 5861 (90.17%) -- Ticket Income $556,795
Level 2 -- Attendance: 4432 (88.64%) -- Ticket Income $332,400
Level 3 -- Attendance: 3102 (88.63%) -- Ticket Income $155,100
Level 4 -- Attendance: 2893 (94.23%) -- Ticket Income $86,790
Luxury Box -- Attendance: 988 (98.80%) -- Ticket Income $202,540
Game was played at the First Niagara Center.
Total Attendance: 17276 (90.59%)
Total Ticket Income: $1,333,625
Other Income: $200,044
Total Income: $1,533,669

% Time on Ice - Blues

Lines # - Real PCT - Wanted PCT - Time Play
Normal Forward
1 - 29% - 32% - 12:42
2 - 29% - 31% - 12:44
3 - 27% - 29% - 11:48
4 - 14% - 8% - 6:00
Normal Defense
1 - 35% - 35% - 14:55
2 - 33% - 33% - 14:23
3 - 31% - 32% - 13:30
4 - 1% - 0% - 0:26
PP Forward
1 - 53% - 60% - 2:26
2 - 47% - 40% - 2:12
PP Defense
1 - 58% - 62% - 2:41
2 - 42% - 38% - 1:57
PK Forward
1 - 50% - 50% - 3:50
2 - 50% - 50% - 3:47
PK Defense
1 - 45% - 51% - 3:24
2 - 55% - 49% - 4:13
PK3 Forward
1 - 56% - 51% - 0:46
2 - 44% - 49% - 0:36
PK3 Defense
1 - 49% - 51% - 0:40
2 - 51% - 49% - 0:42
44 Forward
1 - 36% - 51% - 1:08
2 - 64% - 49% - 2:01
44 Defense
1 - 64% - 51% - 2:01
2 - 36% - 49% - 1:08
Last Minute Offensive  - 0:00
Last Minute Defensive  - 0:00
Total
Forward - 60:00
Defense - 60:00

% Time on Ice - Sabres

Lines # - Real PCT - Wanted PCT - Time Play
Normal Forward
1 - 40% - 40% - 17:25
2 - 28% - 30% - 12:03
3 - 19% - 20% - 8:22
4 - 12% - 10% - 5:24
Normal Defense
1 - 39% - 38% - 16:51
2 - 35% - 34% - 15:16
3 - 26% - 24% - 11:07
4 - 0% - 4% - 0:00
PP Forward
1 - 59% - 60% - 4:31
2 - 41% - 40% - 3:06
PP Defense
1 - 43% - 60% - 3:16
2 - 57% - 40% - 4:21
PK Forward
1 - 83% - 60% - 3:51
2 - 17% - 40% - 0:47
PK Defense
1 - 49% - 60% - 2:15
2 - 51% - 40% - 2:23
PK3 Forward
1 - 0% - 60%
2 - 0% - 40%
PK3 Defense
1 - 0% - 60%
2 - 0% - 40%
44 Forward
1 - 68% - 60% - 3:04
2 - 32% - 40% - 1:27
44 Defense
1 - 75% - 60% - 3:22
2 - 25% - 40% - 1:09
Last Minute Offensive  - 0:00
Last Minute Defensive  - 0:00
Total
Forward - 60:00
Defense - 60:00

Play by Play

1st period


0:01 of 1st period - Mike Fisher wins face-off versus Gustav Nyquist in neutral zone.
0:10 of 1st period - Shot by Mike Fisher.
0:10 of 1st period - Stopped by Ondrej Pavelec without a rebound.
0:11 of 1st period - Jussi Jokinen wins face-off versus Nazem Kadri in Sabres zone.
0:16 of 1st period - Shot by Michael Raffl.
0:16 of 1st period - Shot Misses the Net.
0:18 of 1st period - Shot by Jussi Jokinen.
0:18 of 1st period - Shot Blocked by Nazem Kadri.
1:16 of 1st period - Icing by Braydon Coburn.
1:17 of 1st period - Kyle Turris wins face-off versus Jay McClement in Sabres zone.
1:19 of 1st period - Icing by Gustav Nyquist.
1:20 of 1st period - Kyle Turris wins face-off versus Mike Fisher in Sabres zone.
1:20 of 1st period - Kyle Turris is hit by Mike Fisher.
1:55 of 1st period - Icing by Mike Fisher.
1:56 of 1st period - Mike Fisher wins face-off versus Lars Eller in Blues zone.
1:56 of 1st period - Johnny Boychuk is hit by Lars Eller and loses puck.
3:11 of 1st period - Shot by Brad Boyes.
3:11 of 1st period - Stopped by Antti Niemi without a rebound.
3:12 of 1st period - Joakim Andersson wins face-off versus Kyle Turris in Blues zone.
5:41 of 1st period - Shot by Clarke MacArthur.
5:41 of 1st period - Shot Misses the Net.
6:25 of 1st period - Shot by Mike Fisher.
6:25 of 1st period - Stopped by Ondrej Pavelec with a rebound.
6:27 of 1st period - Shot by Marian Hossa.
6:27 of 1st period - Stopped by Ondrej Pavelec without a rebound.
6:28 of 1st period - Kyle Turris wins face-off versus Michael Raffl in Sabres zone.
6:42 of 1st period - Jiri Hudler is hit by Thomas Vanek and loses puck.
6:47 of 1st period - Shot by Thomas Vanek.
6:47 of 1st period - Stopped by Antti Niemi with a rebound.
6:48 of 1st period - Minor Penalty to Johnny Boychuk for Hooking.
6:49 of 1st period - Jay McClement wins face-off versus Kyle Turris in Blues zone.
7:04 of 1st period - Shot by Gustav Nyquist.
7:04 of 1st period - Shot Misses the Net.
7:06 of 1st period - Shot by Thomas Vanek.
7:06 of 1st period - Shot Misses the Net.
7:08 of 1st period - Shot by Oliver Ekman-Larsson.
7:08 of 1st period - Stopped by Antti Niemi with a rebound.
7:59 of 1st period - Matt Irwin is hit by Kyle Palmieri and loses puck.
8:06 of 1st period - Shot by Nazem Kadri.
8:06 of 1st period - Shot Misses the Net.
8:08 of 1st period - Shot by Kyle Palmieri.
8:08 of 1st period - Stopped by Antti Niemi without a rebound.
8:09 of 1st period - Kyle Turris wins face-off versus Jay McClement in Blues zone.
8:10 of 1st period - Shot by Francois Beauchemin.
8:10 of 1st period - Stopped by Antti Niemi without a rebound.
8:11 of 1st period - Kyle Turris wins face-off versus Michael Raffl in Blues zone.
8:22 of 1st period - Shot by Francois Beauchemin.
8:22 of 1st period - Shot Misses the Net.
8:24 of 1st period - Shot by Gustav Nyquist.
8:24 of 1st period - Shot Misses the Net.
8:26 of 1st period - Shot by Gustav Nyquist.
8:26 of 1st period - Shot Misses the Net.
8:28 of 1st period - Shot by Kyle Turris.
8:28 of 1st period - Goal by Kyle Turris - Blues : 0 - Sabres : 1.
8:29 of 1st period - Nazem Kadri wins face-off versus Cal Clutterbuck in neutral zone.
8:34 of 1st period - Shot by Nazem Kadri.
8:34 of 1st period - Stopped by Antti Niemi without a rebound.
8:35 of 1st period - Nazem Kadri wins face-off versus Jiri Hudler in Blues zone.
8:47 of 1st period - Nazem Kadri is hit by Matt Irwin and loses puck.
9:04 of 1st period - Shot by Nino Niederreiter.
9:04 of 1st period - Shot Hit the Post.
9:06 of 1st period - Shot by Nino Niederreiter.
9:06 of 1st period - Shot Blocked by Michael Raffl.
9:08 of 1st period - Shot by Nazem Kadri.
9:08 of 1st period - Shot Misses the Net.
9:16 of 1st period - Shot by Nazem Kadri.
9:16 of 1st period - Goal by Nazem Kadri - Blues : 0 - Sabres : 2.
9:17 of 1st period - Kyle Turris wins face-off versus Mike Fisher in neutral zone.
9:35 of 1st period - Shot by Rick Nash.
9:35 of 1st period - Deflect By Mike Fisher.
9:35 of 1st period - Shot Blocked by Oliver Ekman-Larsson.
9:43 of 1st period - Shot by Rick Nash.
9:43 of 1st period - Stopped by Ondrej Pavelec without a rebound.
9:44 of 1st period - Jacob Josefson wins face-off versus Clarke MacArthur in Sabres zone.
9:59 of 1st period - Icing by Rasmus Ristolainen.
10:00 of 1st period - Mike Fisher wins face-off versus Brad Boyes in Sabres zone.
10:05 of 1st period - Shot by Marian Hossa.
10:05 of 1st period - Stopped by Ondrej Pavelec without a rebound.
10:06 of 1st period - Mike Fisher wins face-off versus Kyle Turris in Sabres zone.
10:46 of 1st period - Minor Penalty to Matt Irwin for Hooking.
10:47 of 1st period - Michael Raffl wins face-off versus Kyle Palmieri in Blues zone.
11:16 of 1st period - Shot by Kyle Palmieri.
11:16 of 1st period - Deflect By Nino Niederreiter.
11:16 of 1st period - Stopped by Antti Niemi with a rebound.
11:18 of 1st period - Shot by Lars Eller.
11:18 of 1st period - Stopped by Antti Niemi with a rebound.
11:20 of 1st period - Shot by Rasmus Ristolainen.
11:20 of 1st period - Shot Blocked by Mike Weaver.
11:30 of 1st period - Shot by Nino Niederreiter.
11:30 of 1st period - Shot Misses the Net.
13:05 of 1st period - Minor Penalty to Rob Klinkhammer for Holding.
13:06 of 1st period - Lars Eller wins face-off versus Jay McClement in Blues zone.
13:09 of 1st period - Shot by Nino Niederreiter.
13:09 of 1st period - Stopped by Antti Niemi without a rebound.
13:10 of 1st period - Jay McClement wins face-off versus Lars Eller in Blues zone.
13:23 of 1st period - Shot by Lars Eller.
13:23 of 1st period - Shot Blocked by Johnny Boychuk.
13:33 of 1st period - Mike Weaver is hit by Kyle Palmieri and loses puck.
13:53 of 1st period - Off-side.
13:54 of 1st period - Kyle Turris wins face-off versus Michael Raffl in neutral zone.
14:42 of 1st period - Icing by Braydon Coburn.
14:43 of 1st period - Lars Eller wins face-off versus Jay McClement in Sabres zone.
14:52 of 1st period - Shot by Braydon Coburn.
14:52 of 1st period - Stopped by Antti Niemi without a rebound.
14:53 of 1st period - Nino Niederreiter wins face-off versus Jay McClement in Blues zone.
16:10 of 1st period - Shot by Kyle Palmieri.
16:10 of 1st period - Stopped by Antti Niemi without a rebound.
16:11 of 1st period - Jay McClement wins face-off versus Kyle Turris in Blues zone.
17:20 of 1st period - Jiri Hudler is hit by Francois Beauchemin and loses puck.
17:31 of 1st period - Shot by Jiri Hudler.
17:31 of 1st period - Stopped by Ondrej Pavelec without a rebound.
17:32 of 1st period - Mike Fisher wins face-off versus Jacob Josefson in Sabres zone.
17:49 of 1st period - Shot by Kyle Palmieri.
17:49 of 1st period - Deflect By Brad Boyes.
17:49 of 1st period - Stopped by Antti Niemi without a rebound.
17:50 of 1st period - Kris Versteeg wins face-off versus Jiri Hudler in Blues zone.
17:55 of 1st period - Shot by Kris Versteeg.
17:55 of 1st period - Shot Misses the Net.
18:27 of 1st period - Icing by Matt Irwin.
18:28 of 1st period - Kyle Turris wins face-off versus Jiri Hudler in Blues zone.
18:28 of 1st period - Gustav Nyquist is hit by Tim Erixon and loses puck.
19:23 of 1st period - Rick Nash is hit by Nazem Kadri and loses puck.
19:30 of 1st period - Shot by Nino Niederreiter.
19:30 of 1st period - Stopped by Antti Niemi without a rebound.
19:31 of 1st period - Jacob Josefson wins face-off versus Jay McClement in Blues zone.
Goals for this period are 0 for Blues vs 2 for Sabres.
Shots for this period are 6 for Blues vs 15 for Sabres.

2nd period


0:01 of 2nd period - Mike Fisher wins face-off versus Kyle Turris in neutral zone.
0:12 of 2nd period - Icing by Oliver Ekman-Larsson.
0:13 of 2nd period - Kyle Turris wins face-off versus Jay McClement in Sabres zone.
0:13 of 2nd period - Kyle Turris is hit by Jay McClement.
0:40 of 2nd period - Francois Beauchemin is hit by Mike Weaver and loses puck.
1:02 of 2nd period - Minor Penalty to Nazem Kadri for Tripping.
1:02 of 2nd period - Minor Penalty to Mike Weaver for Tripping.
1:03 of 2nd period - Jiri Hudler wins face-off versus Kyle Turris in Blues zone.
1:10 of 2nd period - Shot by Jiri Hudler.
1:10 of 2nd period - Stopped by Ondrej Pavelec without a rebound.
1:11 of 2nd period - Kyle Turris wins face-off versus Jiri Hudler in Sabres zone.
1:28 of 2nd period - Shot by Kyle Turris.
1:28 of 2nd period - Stopped by Antti Niemi with a rebound.
1:35 of 2nd period - Minor Penalty to Johnny Boychuk for Hooking.
1:36 of 2nd period - Marian Hossa wins face-off versus Brayden Schenn in Blues zone.
2:03 of 2nd period - Shot by Thomas Vanek.
2:03 of 2nd period - Shot Misses the Net.
2:05 of 2nd period - Shot by Oliver Ekman-Larsson.
2:05 of 2nd period - Stopped by Antti Niemi without a rebound.
2:06 of 2nd period - Jay McClement wins face-off versus Kyle Turris in Blues zone.
2:57 of 2nd period - Minor Penalty to Brayden Schenn for Hooking.
2:58 of 2nd period - Kyle Turris wins face-off versus Jiri Hudler in Sabres zone.
3:13 of 2nd period - Shot by Thomas Vanek.
3:13 of 2nd period - Shot Blocked by Tim Erixon.
3:41 of 2nd period - Shot by Rick Nash.
3:41 of 2nd period - Stopped by Ondrej Pavelec without a rebound.
3:42 of 2nd period - Jiri Hudler wins face-off versus Nazem Kadri in Sabres zone.
4:11 of 2nd period - Shot by Jiri Hudler.
4:11 of 2nd period - Shot Misses the Net.
4:17 of 2nd period - Shot by Matt Carle.
4:17 of 2nd period - Stopped by Ondrej Pavelec without a rebound.
4:18 of 2nd period - Nazem Kadri wins face-off versus Mike Fisher in Sabres zone.
4:38 of 2nd period - Shot by Rick Nash.
4:38 of 2nd period - Stopped by Ondrej Pavelec without a rebound.
4:39 of 2nd period - Mike Fisher wins face-off versus Brad Boyes in Sabres zone.
5:05 of 2nd period - Shot by Clarke MacArthur.
5:05 of 2nd period - Stopped by Ondrej Pavelec without a rebound.
5:06 of 2nd period - Jay McClement wins face-off versus Jacob Josefson in Sabres zone.
5:15 of 2nd period - Shot by Kyle Palmieri.
5:15 of 2nd period - Deflect By Jacob Josefson.
5:15 of 2nd period - Shot Misses the Net.
5:17 of 2nd period - Shot by Jacob Josefson.
5:17 of 2nd period - Shot Misses the Net.
5:19 of 2nd period - Shot by Johnny Oduya.
5:19 of 2nd period - Stopped by Antti Niemi without a rebound.
5:20 of 2nd period - Kyle Turris wins face-off versus Jiri Hudler in Blues zone.
5:34 of 2nd period - Off-side.
5:35 of 2nd period - Mike Fisher wins face-off versus Nazem Kadri in neutral zone.
5:35 of 2nd period - Mike Weaver is hit by Nino Niederreiter and loses puck.
5:43 of 2nd period - Icing by Francois Beauchemin.
5:44 of 2nd period - Mike Fisher wins face-off versus Nazem Kadri in Sabres zone.
5:45 of 2nd period - Shot by Rick Nash.
5:45 of 2nd period - Shot Misses the Net.
5:46 of 2nd period - Minor Penalty to Francois Beauchemin for Hooking.
5:46 of 2nd period - Minor Penalty to Mike Fisher for Roughing.
5:47 of 2nd period - Kyle Turris wins face-off versus Jay McClement in Sabres zone.
5:57 of 2nd period - Icing by Mike Weaver.
5:58 of 2nd period - Kyle Turris wins face-off versus Jay McClement in Blues zone.
6:35 of 2nd period - Shot by Kyle Turris.
6:35 of 2nd period - Shot Misses the Net.
7:25 of 2nd period - Shot by Jiri Hudler.
7:25 of 2nd period - Shot Misses the Net.
8:18 of 2nd period - Jakub Kindl is hit by Francois Beauchemin and loses puck.
8:43 of 2nd period - Shot by Jacob Josefson.
8:43 of 2nd period - Stopped by Antti Niemi without a rebound.
8:44 of 2nd period - Nazem Kadri wins face-off versus Mike Fisher in Blues zone.
8:57 of 2nd period - Shot by Nino Niederreiter.
8:57 of 2nd period - Stopped by Antti Niemi with a rebound.
9:07 of 2nd period - Shot by Marian Hossa.
9:07 of 2nd period - Shot Misses the Net.
9:09 of 2nd period - Shot by Mike Weaver.
9:09 of 2nd period - Stopped by Ondrej Pavelec without a rebound.
9:10 of 2nd period - Kyle Turris wins face-off versus Jiri Hudler in Sabres zone.
9:15 of 2nd period - Johnny Boychuk is hit by Gustav Nyquist and loses puck.
9:35 of 2nd period - Icing by Kyle Turris.
9:36 of 2nd period - Marian Hossa wins face-off versus Kyle Turris in Sabres zone.
9:37 of 2nd period - Shot by Rick Nash.
9:37 of 2nd period - Stopped by Ondrej Pavelec without a rebound.
9:38 of 2nd period - Mike Fisher wins face-off versus Nazem Kadri in Sabres zone.
9:55 of 2nd period - Shot by Nazem Kadri.
9:55 of 2nd period - Stopped by Antti Niemi with a rebound.
10:13 of 2nd period - Shot by Nino Niederreiter.
10:13 of 2nd period - Stopped by Antti Niemi without a rebound.
10:14 of 2nd period - Kyle Turris wins face-off versus Jiri Hudler in Blues zone.
10:24 of 2nd period - Shot by Jiri Hudler.
10:24 of 2nd period - Goal by Jiri Hudler - Blues : 1 - Sabres : 2.
10:25 of 2nd period - Jay McClement wins face-off versus Lars Eller in neutral zone.
10:32 of 2nd period - Shot by Clarke MacArthur.
10:32 of 2nd period - Shot Blocked by Lars Eller.
10:46 of 2nd period - Shot by Jay McClement.
10:46 of 2nd period - Stopped by Ondrej Pavelec without a rebound.
10:47 of 2nd period - Jiri Hudler wins face-off versus Kyle Turris in Sabres zone.
11:10 of 2nd period - Shot by Jussi Jokinen.
11:10 of 2nd period - Stopped by Ondrej Pavelec without a rebound.
11:11 of 2nd period - Nazem Kadri wins face-off versus Mike Fisher in Sabres zone.
11:18 of 2nd period - Shot by Brayden Schenn.
11:18 of 2nd period - Deflect By Nino Niederreiter.
11:18 of 2nd period - Shot Misses the Net.
11:20 of 2nd period - Shot by Oliver Ekman-Larsson.
11:20 of 2nd period - Shot Misses the Net.
11:34 of 2nd period - Shot by Nino Niederreiter.
11:34 of 2nd period - Stopped by Antti Niemi without a rebound.
11:35 of 2nd period - Jiri Hudler wins face-off versus Kyle Turris in Blues zone.
12:09 of 2nd period - Icing by Johnny Oduya.
12:10 of 2nd period - Mike Fisher wins face-off versus Kyle Turris in Sabres zone.
12:27 of 2nd period - Shot by Gustav Nyquist.
12:27 of 2nd period - Stopped by Antti Niemi with a rebound.
12:53 of 2nd period - Shot by Marian Hossa.
12:53 of 2nd period - Shot Misses the Net.
13:19 of 2nd period - Shot by Clarke MacArthur.
13:19 of 2nd period - Shot Misses the Net.
14:12 of 2nd period - Shot by Jiri Hudler.
14:12 of 2nd period - Stopped by Ondrej Pavelec without a rebound.
14:13 of 2nd period - Joakim Andersson wins face-off versus Jacob Josefson in Sabres zone.
14:14 of 2nd period - Shot by Cal Clutterbuck.
14:14 of 2nd period - Shot Blocked by Kyle Palmieri.
14:26 of 2nd period - Shot by Brad Boyes.
14:26 of 2nd period - Stopped by Antti Niemi without a rebound.
14:27 of 2nd period - Mike Fisher wins face-off versus Kyle Turris in Blues zone.
14:45 of 2nd period - Shot by Marian Hossa.
14:45 of 2nd period - Shot Misses the Net.
15:05 of 2nd period - Shot by Mike Fisher.
15:05 of 2nd period - Stopped by Ondrej Pavelec without a rebound.
15:06 of 2nd period - Jussi Jokinen wins face-off versus Lars Eller in Sabres zone.
15:11 of 2nd period - Shot by Michael Raffl.
15:11 of 2nd period - Shot Misses the Net.
15:19 of 2nd period - Shot by Jiri Hudler.
15:19 of 2nd period - Deflect By Jussi Jokinen.
15:19 of 2nd period - Shot Misses the Net.
15:21 of 2nd period - Shot by Matt Irwin.
15:21 of 2nd period - Deflect By Michael Raffl.
15:21 of 2nd period - Stopped by Ondrej Pavelec without a rebound.
15:22 of 2nd period - Jay McClement wins face-off versus Nazem Kadri in Sabres zone.
15:45 of 2nd period - Shot by Nazem Kadri.
15:45 of 2nd period - Stopped by Antti Niemi with a rebound.
15:47 of 2nd period - Shot by Nino Niederreiter.
15:47 of 2nd period - Shot Blocked by Johnny Boychuk.
15:57 of 2nd period - Shot by Oliver Ekman-Larsson.
15:57 of 2nd period - Shot Misses the Net.
15:59 of 2nd period - Shot by Brayden Schenn.
15:59 of 2nd period - Shot Misses the Net.
16:01 of 2nd period - Shot by Francois Beauchemin.
16:01 of 2nd period - Shot Misses the Net.
16:03 of 2nd period - Shot by Oliver Ekman-Larsson.
16:03 of 2nd period - Shot Misses the Net.
16:18 of 2nd period - Off-side.
16:19 of 2nd period - Kyle Turris wins face-off versus Jiri Hudler in neutral zone.
17:15 of 2nd period - Shot by Daniel Winnik.
17:15 of 2nd period - Shot Blocked by Tim Erixon.
17:41 of 2nd period - Shot by Marian Hossa.
17:41 of 2nd period - Stopped by Ondrej Pavelec with a rebound.
17:47 of 2nd period - Shot by Mike Fisher.
17:47 of 2nd period - Shot Blocked by Braydon Coburn.
17:54 of 2nd period - Shot by Mike Fisher.
17:54 of 2nd period - Shot Misses the Net.
18:24 of 2nd period - Shot by Jay McClement.
18:24 of 2nd period - Shot Misses the Net.
18:51 of 2nd period - Shot by Clarke MacArthur.
18:51 of 2nd period - Deflect By Lee Stempniak.
18:51 of 2nd period - Stopped by Ondrej Pavelec with a rebound.
19:10 of 2nd period - Icing by Matt Irwin.
19:11 of 2nd period - Kyle Turris wins face-off versus Joakim Andersson in Blues zone.
19:32 of 2nd period - Shot by Rob Klinkhammer.
19:32 of 2nd period - Shot Misses the Net.
19:34 of 2nd period - Shot by Cal Clutterbuck.
19:34 of 2nd period - Deflect By Rob Klinkhammer.
19:34 of 2nd period - Shot Blocked by Oliver Ekman-Larsson.
19:36 of 2nd period - Shot by Cal Clutterbuck.
19:36 of 2nd period - Shot Misses the Net.
19:57 of 2nd period - Shot by Michael Raffl.
19:57 of 2nd period - Deflect By Jiri Hudler.
19:57 of 2nd period - Shot Misses the Net.
19:59 of 2nd period - Shot by Michael Raffl.
19:59 of 2nd period - Stopped by Ondrej Pavelec without a rebound.
Goals for this period are 1 for Blues vs 0 for Sabres.
Shots for this period are 16 for Blues vs 11 for Sabres.

3rd period


0:01 of 3rd period - Mike Fisher wins face-off versus Kyle Turris in neutral zone.
0:05 of 3rd period - Off-side.
0:06 of 3rd period - Mike Fisher wins face-off versus Kyle Turris in neutral zone.
0:10 of 3rd period - Johnny Boychuk is hit by Francois Beauchemin and loses puck.
0:37 of 3rd period - Shot by Marian Hossa.
0:37 of 3rd period - Shot Misses the Net.
0:38 of 3rd period - Minor Penalty to Oliver Ekman-Larsson for Close Hand On Puck.
0:39 of 3rd period - Nazem Kadri wins face-off versus Jiri Hudler in Sabres zone.
0:50 of 3rd period - Braydon Coburn is hit by Michael Raffl and loses puck.
0:57 of 3rd period - Shot by Matt Irwin.
0:57 of 3rd period - Stopped by Ondrej Pavelec with a rebound.
0:59 of 3rd period - Shot by Lee Stempniak.
0:59 of 3rd period - Stopped by Ondrej Pavelec without a rebound.
1:00 of 3rd period - Mike Fisher wins face-off versus Nazem Kadri in Sabres zone.
1:19 of 3rd period - Shot by Matt Carle.
1:19 of 3rd period - Shot Misses the Net.
1:21 of 3rd period - Shot by Johnny Boychuk.
1:21 of 3rd period - Shot Misses the Net.
1:23 of 3rd period - Shot by Johnny Boychuk.
1:23 of 3rd period - Stopped by Ondrej Pavelec without a rebound.
1:24 of 3rd period - Jiri Hudler wins face-off versus Nazem Kadri in Sabres zone.
1:51 of 3rd period - Shot by Matt Irwin.
1:51 of 3rd period - Stopped by Ondrej Pavelec with a rebound.
1:53 of 3rd period - Shot by Michael Raffl.
1:53 of 3rd period - Deflect By Jiri Hudler.
1:53 of 3rd period - Shot Misses the Net.
1:55 of 3rd period - Shot by Jiri Hudler.
1:55 of 3rd period - Goal by Jiri Hudler - Blues : 2 - Sabres : 2.
1:56 of 3rd period - Mike Fisher wins face-off versus Thomas Vanek in neutral zone.
1:59 of 3rd period - Shot by Rick Nash.
1:59 of 3rd period - Deflect By Mike Fisher.
1:59 of 3rd period - Stopped by Ondrej Pavelec without a rebound.
2:00 of 3rd period - Mike Fisher wins face-off versus Gustav Nyquist in Sabres zone.
2:12 of 3rd period - Shot by Marian Hossa.
2:12 of 3rd period - Shot Blocked by Rasmus Ristolainen.
2:48 of 3rd period - Marian Hossa is hit by Thomas Vanek and loses puck.
3:36 of 3rd period - Shot by Brad Boyes.
3:36 of 3rd period - Stopped by Antti Niemi without a rebound.
3:37 of 3rd period - Nazem Kadri wins face-off versus Jay McClement in Blues zone.
5:03 of 3rd period - Kyle Turris is hit by Matt Irwin and loses puck.
5:14 of 3rd period - Shot by Jussi Jokinen.
5:14 of 3rd period - Stopped by Ondrej Pavelec with a rebound.
5:33 of 3rd period - Minor Penalty to Rasmus Ristolainen for Hooking.
5:34 of 3rd period - Mike Fisher wins face-off versus Nazem Kadri in Sabres zone.
5:41 of 3rd period - Shot by Rick Nash.
5:41 of 3rd period - Deflect By Marian Hossa.
5:41 of 3rd period - Shot Blocked by Johnny Oduya.
6:01 of 3rd period - Shot by Marian Hossa.
6:01 of 3rd period - Shot Misses the Net.
7:41 of 3rd period - Gustav Nyquist is hit by Clarke MacArthur and loses puck.
7:56 of 3rd period - Shot by Cal Clutterbuck.
7:56 of 3rd period - Stopped by Ondrej Pavelec without a rebound.
7:57 of 3rd period - Jiri Hudler wins face-off versus Nazem Kadri in Sabres zone.
8:00 of 3rd period - Shot by Jiri Hudler.
8:00 of 3rd period - Shot Misses the Net.
8:05 of 3rd period - Off-side.
8:06 of 3rd period - Joakim Andersson wins face-off versus Gustav Nyquist in neutral zone.
8:20 of 3rd period - Joakim Andersson is hit by Johnny Oduya and loses puck.
8:41 of 3rd period - Shot by Joakim Andersson.
8:41 of 3rd period - Stopped by Ondrej Pavelec with a rebound.
9:40 of 3rd period - Icing by Brad Boyes.
9:41 of 3rd period - Marian Hossa wins face-off versus Jacob Josefson in Sabres zone.
9:42 of 3rd period - Shot by Mike Fisher.
9:42 of 3rd period - Shot Blocked by Francois Beauchemin.
10:20 of 3rd period - Tim Erixon is hit by Brayden Schenn and loses puck.
10:29 of 3rd period - Shot by Nazem Kadri.
10:29 of 3rd period - Shot Misses the Net.
10:31 of 3rd period - Shot by Nino Niederreiter.
10:31 of 3rd period - Stopped by Antti Niemi without a rebound.
10:32 of 3rd period - Jiri Hudler wins face-off versus Kyle Turris in Blues zone.
10:32 of 3rd period - Jiri Hudler is hit by Kyle Turris.
10:40 of 3rd period - Shot by Jussi Jokinen.
10:40 of 3rd period - Stopped by Ondrej Pavelec without a rebound.
10:41 of 3rd period - Jay McClement wins face-off versus Kyle Turris in Sabres zone.
10:41 of 3rd period - Clarke MacArthur is hit by Rasmus Ristolainen and loses puck.
10:46 of 3rd period - Shot by Clarke MacArthur.
10:46 of 3rd period - Shot Misses the Net.
11:11 of 3rd period - Clarke MacArthur is hit by Rasmus Ristolainen and loses puck.
11:56 of 3rd period - Shot by Nazem Kadri.
11:56 of 3rd period - Shot Misses the Net.
12:08 of 3rd period - Shot by Johnny Boychuk.
12:08 of 3rd period - Stopped by Ondrej Pavelec without a rebound.
12:09 of 3rd period - Lars Eller wins face-off versus Marian Hossa in Sabres zone.
12:31 of 3rd period - Icing by Tim Erixon.
12:32 of 3rd period - Mike Fisher wins face-off versus Jacob Josefson in Blues zone.
12:57 of 3rd period - Shot by Kyle Palmieri.
12:57 of 3rd period - Shot Misses the Net.
12:59 of 3rd period - Shot by Brad Boyes.
12:59 of 3rd period - Stopped by Antti Niemi with a rebound.
13:14 of 3rd period - Marian Hossa is hit by Oliver Ekman-Larsson and loses puck.
13:24 of 3rd period - Icing by Marian Hossa.
13:25 of 3rd period - Nazem Kadri wins face-off versus Mike Fisher in Blues zone.
13:28 of 3rd period - Shot by Brayden Schenn.
13:28 of 3rd period - Stopped by Antti Niemi without a rebound.
13:29 of 3rd period - Nazem Kadri wins face-off versus Jiri Hudler in Blues zone.
13:48 of 3rd period - Shot by Nino Niederreiter.
13:48 of 3rd period - Shot Blocked by Johnny Boychuk.
13:50 of 3rd period - Shot by Nazem Kadri.
13:50 of 3rd period - Stopped by Antti Niemi without a rebound.
13:51 of 3rd period - Kyle Turris wins face-off versus Jay McClement in Blues zone.
13:57 of 3rd period - Kyle Turris is hit by Matt Carle and loses puck.
14:20 of 3rd period - Shot by Mike Weaver.
14:20 of 3rd period - Shot Misses the Net.
14:37 of 3rd period - Icing by Braydon Coburn.
14:38 of 3rd period - Jiri Hudler wins face-off versus Kyle Turris in Sabres zone.
14:58 of 3rd period - Icing by Johnny Boychuk.
14:59 of 3rd period - Jiri Hudler wins face-off versus Nazem Kadri in Blues zone.
14:59 of 3rd period - Jiri Hudler is hit by Nino Niederreiter.
15:18 of 3rd period - Jussi Jokinen is hit by Nino Niederreiter and loses puck.
15:27 of 3rd period - Shot by Brayden Schenn.
15:27 of 3rd period - Shot Hit the Post.
15:41 of 3rd period - Shot by Nazem Kadri.
15:41 of 3rd period - Stopped by Antti Niemi without a rebound.
15:42 of 3rd period - Lars Eller wins face-off versus Jay McClement in Blues zone.
15:51 of 3rd period - Matt Carle is hit by Lars Eller and loses puck.
16:00 of 3rd period - Johnny Oduya is hit by Jay McClement and loses puck.
16:05 of 3rd period - Shot by Jay McClement.
16:05 of 3rd period - Shot Blocked by Rasmus Ristolainen.
16:17 of 3rd period - Shot by Jay McClement.
16:17 of 3rd period - Stopped by Ondrej Pavelec without a rebound.
16:18 of 3rd period - Mike Fisher wins face-off versus Kyle Turris in Sabres zone.
16:19 of 3rd period - Shot by Rick Nash.
16:19 of 3rd period - Shot Misses the Net.
16:21 of 3rd period - Shot by Rick Nash.
16:21 of 3rd period - Shot Misses the Net.
16:23 of 3rd period - Shot by Mike Fisher.
16:23 of 3rd period - Shot Blocked by Gustav Nyquist.
16:25 of 3rd period - Shot by Mike Fisher.
16:25 of 3rd period - Stopped by Ondrej Pavelec without a rebound.
16:26 of 3rd period - Mike Fisher wins face-off versus Nazem Kadri in Sabres zone.
16:27 of 3rd period - Shot by Marian Hossa.
16:27 of 3rd period - Stopped by Ondrej Pavelec without a rebound.
16:28 of 3rd period - Nazem Kadri wins face-off versus Jiri Hudler in Sabres zone.
16:51 of 3rd period - Shot by Matt Irwin.
16:51 of 3rd period - Stopped by Ondrej Pavelec without a rebound.
16:52 of 3rd period - Kyle Turris wins face-off versus Jay McClement in Sabres zone.
16:52 of 3rd period - Kyle Turris is hit by Clarke MacArthur.
17:06 of 3rd period - Shot by Gustav Nyquist.
17:06 of 3rd period - Shot Blocked by Lee Stempniak.
17:08 of 3rd period - Shot by Thomas Vanek.
17:08 of 3rd period - Shot Blocked by Mike Weaver.
17:10 of 3rd period - Shot by Johnny Oduya.
17:10 of 3rd period - Shot Misses the Net.
17:14 of 3rd period - Shot by Gustav Nyquist.
17:14 of 3rd period - Stopped by Antti Niemi with a rebound.
17:18 of 3rd period - Shot by Thomas Vanek.
17:18 of 3rd period - Shot Blocked by Clarke MacArthur.
17:20 of 3rd period - Shot by Kyle Turris.
17:20 of 3rd period - Stopped by Antti Niemi without a rebound.
17:21 of 3rd period - Nazem Kadri wins face-off versus Jussi Jokinen in Blues zone.
17:25 of 3rd period - Icing by Matt Irwin.
17:26 of 3rd period - Jiri Hudler wins face-off versus Nazem Kadri in Blues zone.
17:38 of 3rd period - Icing by Brayden Schenn.
17:39 of 3rd period - Jay McClement wins face-off versus Brayden Schenn in Sabres zone.
17:40 of 3rd period - Shot by Clarke MacArthur.
17:40 of 3rd period - Stopped by Ondrej Pavelec without a rebound.
17:41 of 3rd period - Clarke MacArthur wins face-off versus Nazem Kadri in Sabres zone.
17:46 of 3rd period - Shot by Jay McClement.
17:46 of 3rd period - Shot Misses the Net.
17:55 of 3rd period - Minor Penalty to Clarke MacArthur for Holding Stick.
17:56 of 3rd period - Kyle Turris wins face-off versus Michael Raffl in Blues zone.
18:29 of 3rd period - Shot by Kyle Turris.
18:29 of 3rd period - Stopped by Antti Niemi without a rebound.
18:30 of 3rd period - Lars Eller wins face-off versus Michael Raffl in Blues zone.
18:31 of 3rd period - Shot by Kyle Palmieri.
18:31 of 3rd period - Shot Blocked by Matt Carle.
18:33 of 3rd period - Shot by Lars Eller.
18:33 of 3rd period - Stopped by Antti Niemi without a rebound.
18:34 of 3rd period - Lars Eller wins face-off versus Jay McClement in Blues zone.
18:49 of 3rd period - Shot by Oliver Ekman-Larsson.
18:49 of 3rd period - Deflect By Lars Eller.
18:49 of 3rd period - Stopped by Antti Niemi with a rebound.
18:51 of 3rd period - Shot by Lars Eller.
18:51 of 3rd period - Stopped by Antti Niemi without a rebound.
18:52 of 3rd period - Kyle Turris wins face-off versus Michael Raffl in Blues zone.
19:03 of 3rd period - Matt Carle is hit by Gustav Nyquist and loses puck.
19:23 of 3rd period - Icing by Braydon Coburn.
19:24 of 3rd period - Thomas Vanek wins face-off versus Michael Raffl in Sabres zone.
Goals for this period are 1 for Blues vs 0 for Sabres.
Shots for this period are 16 for Blues vs 12 for Sabres.

Overtime #1


0:01 of 1st overtime period - Mike Fisher wins face-off versus Kyle Turris in neutral zone.
0:21 of 1st overtime period - Shot by Johnny Oduya.
0:21 of 1st overtime period - Deflect By Gustav Nyquist.
0:21 of 1st overtime period - Shot Misses the Net.
0:33 of 1st overtime period - Shot by Kyle Turris.
0:33 of 1st overtime period - Stopped by Antti Niemi without a rebound.
0:34 of 1st overtime period - Jay McClement wins face-off versus Thomas Vanek in Blues zone.
1:15 of 1st overtime period - Shot by Thomas Vanek.
1:15 of 1st overtime period - Deflect By Nino Niederreiter.
1:15 of 1st overtime period - Stopped by Antti Niemi without a rebound.
1:16 of 1st overtime period - Mike Fisher wins face-off versus Kyle Turris in Blues zone.
1:24 of 1st overtime period - Shot by Marian Hossa.
1:24 of 1st overtime period - Shot Blocked by Johnny Oduya.
1:30 of 1st overtime period - Shot by Mike Fisher.
1:30 of 1st overtime period - Deflect By Marian Hossa.
1:30 of 1st overtime period - Shot Misses the Net.
1:32 of 1st overtime period - Shot by Matt Carle.
1:32 of 1st overtime period - Stopped by Ondrej Pavelec without a rebound.
1:33 of 1st overtime period - Kyle Turris wins face-off versus Jay McClement in Sabres zone.
1:38 of 1st overtime period - Shot by Kyle Turris.
1:38 of 1st overtime period - Stopped by Antti Niemi without a rebound.
1:39 of 1st overtime period - Mike Fisher wins face-off versus Thomas Vanek in Blues zone.
1:41 of 1st overtime period - Icing by Matt Carle.
1:42 of 1st overtime period - Kyle Turris wins face-off versus Mike Fisher in Blues zone.
1:51 of 1st overtime period - Shot by Gustav Nyquist.
1:51 of 1st overtime period - Shot Misses the Net.
2:09 of 1st overtime period - Shot by Mike Fisher.
2:09 of 1st overtime period - Deflect By Jay McClement.
2:09 of 1st overtime period - Shot Misses the Net.
2:11 of 1st overtime period - Shot by Matt Carle.
2:11 of 1st overtime period - Stopped by Ondrej Pavelec with a rebound.
2:13 of 1st overtime period - Shot by Mike Fisher.
2:13 of 1st overtime period - Shot Misses the Net.
3:00 of 1st overtime period - Shot by Nino Niederreiter.
3:00 of 1st overtime period - Shot Misses the Net.
3:02 of 1st overtime period - Shot by Thomas Vanek.
3:02 of 1st overtime period - Stopped by Antti Niemi with a rebound.
3:10 of 1st overtime period - Shot by Nino Niederreiter.
3:10 of 1st overtime period - Deflect By Thomas Vanek.
3:10 of 1st overtime period - Shot Misses the Net.
3:19 of 1st overtime period - Shot by Thomas Vanek.
3:19 of 1st overtime period - Shot Misses the Net.
3:51 of 1st overtime period - Shot by Mike Fisher.
3:51 of 1st overtime period - Goal by Mike Fisher - Blues : 3 - Sabres : 2.
Goals for this period are 1 for Blues vs 0 for Sabres.
Shots for this period are 3 for Blues vs 4 for Sabres.